 Dungeon Crawl Stone Soup version 0.27.1-33-g824d729ab1 (webtiles) character file.

Game seed: 1080509404208298510

166 ANNNA the Magician (level 5, -3/28 HPs)
             Began as a Deep Elf Fire Elementalist on Dec 10, 2021.
             Killed from afar by an orc wizard (8 damage)
             ... with a magic dart
             ... on level 3 of the Dungeon.
             The game lasted 00:04:28 (2591 turns).

ANNNA the Magician (Deep Elf Fire Elementalist)     Turns: 2591, Time: 00:04:29

Health: -3/28      AC:  2    Str:  6    XL:     5   Next: 22%
Magic:  5/14       EV: 13    Int: 20    God:
Gold:   123        SH:  0    Dex: 15    Spells: 1/13 levels left

rFire    . . .     SeeInvis .   i - +2 dagger (flame)
rCold    . . .     Faith    .   (no shield)
rNeg     . . .     Spirit   .   a - +0 robe
rPois    .         Reflect  .   (no helmet)
rElec    .         Harm     .   (no cloak)
rCorr    .         Rampage  .   (no gloves)
Will     .....                  (no boots)
Stlth    ++........             (no amulet)
HPRegen  0.09/turn              (no ring)
MPRegen  0.14/turn              (no ring)

@: no status effects
A: no striking features
a: no special abilities


You were on level 3 of the Dungeon.
You visited 1 branch of the dungeon, and saw 3 of its levels.

You collected 123 gold pieces.

Inventory:

Hand Weapons
 i - a +2 dagger of flaming (weapon)
Missiles
 f - 68 stones
Armour
 a - a +0 robe (worn)
Scrolls
 b - a scroll of blinking {unknown}
 d - 2 scrolls of teleportation {unknown}
 e - a scroll of torment {unknown}
 g - a scroll of summoning {unknown}
 j - a scroll of noise {unknown}
 l - 2 scrolls of amnesia {unknown}
Potions
 c - 2 potions of heal wounds {unknown}
 h - a potion of curing {unknown}
 k - a potion of might {unknown}
 m - a potion of lignification {unknown}


   Skills:
 + Level 2.8 Dodging
 + Level 2.9 Stealth
 + Level 4.9 Spellcasting
 + Level 2.9 Conjurations
 + Level 4.4 Fire Magic


You had one spell level left.
You knew the following spells:

 Your Spells              Type           Power      Damage    Failure   Level
a - Foxfire               Conj/Fire      76%        2x1d7     2%          1
b - Conjure Flame         Conj/Fire      19%        6-21      8%          3
c - Inner Flame           Hex/Fire       13%        N/A       14%         3
d - Fireball              Conj/Fire      9%         3d6       56%         5

Your spell library contained the following spells:

 Spells                   Type           Power      Damage    Failure   Level
 Sticky Flame             Conj/Fire      19%        2d4       26%         4


Dungeon Overview and Level Annotations

Branches:
Dungeon (3/15)

Altars:
Ru


Message History

You kill the orc wizard!
Casting: Foxfire (safe; 2% risk of failure)
Confirm with . or Enter, or press ? or * to list all spells.
You conjure some foxfire!
Casting: Foxfire (safe; 2% risk of failure)
Confirm with . or Enter, or press ? or * to list all spells.
You conjure some foxfire!
The foxfire hits the orc wizard.
The orc wizard is moderately wounded.
Casting: Foxfire (safe; 2% risk of failure)
Confirm with . or Enter, or press ? or * to list all spells.
You conjure some foxfire!
The foxfire hits the orc wizard.
The orc wizard is moderately wounded.
The orc wizard gestures wildly while chanting.
The orc wizard flickers and vanishes!
Deactivating autopickup; reactivate with Ctrl-A.
Casting: Foxfire (safe; 2% risk of failure)
Confirm with . or Enter, or press ? or * to list all spells.
The spell is quite dangerous to cast (8% risk of failure)!
Continue anyway?
The fire begins to smoulder!
The foxfire hits the orc wizard.
The orc wizard is severely wounded.
The orc wizard casts a spell at you. You resist with some effort.
Your foxfire dissipates!
A magic dart appears from out of thin air!
The magic dart hits you!
The fire ignites!
The foxfire hits the orc wizard.
The orc wizard is almost dead.
The orc wizard casts a spell at you. The magic dart hits you!
* * * LOW HITPOINT WARNING * * *
A puff of flame appears from out of thin air!
The puff of flame misses you.
You start resting.
An orc wizard is nearby!
Casting: Conjure Flame (quite dangerous; 8% risk of failure)
Confirm with . or Enter, or press ? or * to list all spells.
You conjure some foxfire!
The orc wizard casts a spell at you. The magic dart hits you!
You die...

#.####.#....)..##########
.....# ###.###.#........#
#.##.# #................#
...#.#.###.#.#..........#
._...........#..........#
...#.#.###...#..........#
#.##.# #...#..........#
.....# #...#{ov.......#
#.####.# #...#.#@v......#
.......# ##.##.##########
#.####### #.##.#
......... ...#.#
.......## #.#
.......#######.######
........^.......ยง..>#
.......#######.####.##
####.#.# #....o{..$..#


You could see an orc wizard (ally target).

Vanquished Creatures
  A jelly (D:3)
  An orc wizard (D:3)
  2 adders (D:2)
  3 gnolls (D:3)
  A worm (D:2)
  A dart slug (D:1)
  An orc (D:3)
  An endoplasm (D:1)
  A giant cockroach (D:1)
  5 goblins
  6 hobgoblins
  2 jackals (D:3)
  3 kobolds
  3 quokkas
  5 ball pythons
  7 bats
  2 frilled lizards
  5 rats
50 creatures vanquished.

Vanquished Creatures (others)
  220 foxfires
220 creatures vanquished.

Grand Total: 270 creatures vanquished

Notes
Turn   | Place    | Note
-------+----------+-------------------------------------------
     0 | D:1      | ANNNA the Deep Elf Fire Elementalist began the quest for
                  | the Orb.
     0 | D:1      | Reached XP level 1. HP: 10/10 MP: 6/6
   257 | D:1      | Reached XP level 2. HP: 15/15 MP: 5/8
  1299 | D:2      | Reached XP level 3. HP: 19/19 MP: 3/9
  1303 | D:2      | Learned a level 3 spell: Conjure Flame
  1311 | D:2      | Learned a level 3 spell: Inner Flame
  2155 | D:3      | Reached XP level 4. HP: 24/24 MP: 6/12
  2475 | D:3      | Found a sacrificial altar of Ru.
  2499 | D:3      | Reached XP level 5. HP: 28/28 MP: 12/14
  2505 | D:3      | Learned a level 5 spell: Fireball
  2591 | D:3      | Killed from afar by an orc wizard

Illustrated notes

Levels and vault maps discovered:
D:1:      tarquinn_simple_flora_water_f, layout_rooms
D:2:      layout_basic
D:3:      layout_basic, nicolae_ru_sacrificial_ziggurat,
          ebering_ecumenical_altar_box, chequers_avenue,
          minmay_misc_feat_nine_boxes

Skill      XL: |  1  2  3 |
---------------+----------+-----
Fire Magic     | 4 |  4.4
Conjurations   | 2 |  2.9
Spellcasting   | 4 |  4.9
Dodging        | |  2.8
Stealth        | |  2.9

Action                   |  1- 3 |  4- 6 || total
-------------------------+-------+-------++-------
Melee: Dagger            |       |     2 ||     2
 Cast: Foxfire           |    97 |    34 ||   131
       Conjure Flame     |     1 |     1 ||     2
Armor: Robe              |     8 |     2 ||    10
Dodge: Dodged            |    19 |     3 ||    22
